 Dungeon Crawl Stone Soup version 0.28.0-1-gb440e238dd (webtiles) character file.

Game seed: 10400920150453065742

1247 a3don the Shield-Bearer (level 8, -8/52 HPs)
             Began as a Gargoyle Fighter on Feb 21, 2022.
             Was a Believer of Okawaru.
             Mangled by a cyclops (22 damage)
             ... on level 6 of the Dungeon.
             The game lasted 00:07:45 (5684 turns).

a3don the Shield-Bearer (Gargoyle Fighter)          Turns: 5684, Time: 00:07:45

Health: -8/52      AC: 18    Str: 22    XL:     8   Next: 50%
Magic:  8/8        EV: 11    Int: 13    God:    Okawaru [**....]
Gold:   166        SH:  5    Dex:  9    Spells: 7/7 levels left

rFire   . . .      SeeInvis .   a - +0 war axe
rCold   . . .      Faith    .   c - +0 buckler
rNeg    + . .      Spirit   .   f - +0 chain mail
rPois   ∞          Reflect  .   y - +0 helmet
rElec   +          Harm     .   (no cloak)
rCorr   .          Rampage  .   (no gloves)
Will    .....                   v - +0 pair of boots "Beic" {Int+4}
Stlth   ..........              F - amulet of the acrobat
HPRegen 0.17/turn               o - +4 ring of evasion
MPRegen 0.11/turn               (no ring)

@: mighty, studying Short Blades, very slow
A: sickness immunity, AC +5, negative energy resistance 1, electricity
resistance, torment resistance 1, petrification resistance
a: Renounce Religion, Heroism


You were on level 6 of the Dungeon.
You worshipped Okawaru.
Okawaru was pleased with you.
You visited 2 branches of the dungeon, and saw 7 of its levels.

You collected 221 gold pieces.
You spent 55 gold pieces at shops.

Inventory:

Hand Weapons
 a - a +0 war axe (weapon)
 r - a +2 dagger of venom
 w - a +0 hunting sling
 E - a +2 whip of electrocution
Missiles
 s - 5 boomerangs (quivered)
 x - 15 stones
 J - a throwing net
Armour
 c - a +0 buckler (worn)
 f - a +0 chain mail (worn)
 v - the +0 pair of boots "Beic" (worn) {Int+4}
   (You found it on level 3 of the Dungeon)

   Int:       It affects your intelligence (+4).
 y - a +0 helmet (worn)
 G - a +0 cloak
 I - a +0 tower shield
Magical Staves
 K - a staff of air
Jewellery
 o - a +4 ring of evasion (left hand)
 A - an amulet of guardian spirit
 F - an amulet of the acrobat (around neck)
Wands
 t - a wand of acid (6)
 H - a wand of iceblast (11)
Scrolls
 g - 4 scrolls of identify {unknown}
 h - a scroll of immolation {unknown}
 j - a scroll of amnesia {unknown}
 m - a scroll of noise {unknown}
 p - 3 scrolls of teleportation {unknown}
 q - a scroll of fog {unknown}
 B - 2 scrolls of enchant weapon {unknown}
 D - 2 scrolls of enchant armour {unknown}
Potions
 b - 2 potions of lignification {unknown}
 d - a potion of might
 e - 4 potions of degeneration {unknown}
 i - 2 potions of mutation {unknown}
 l - a potion of ambrosia {unknown}
 n - 5 potions of curing {unknown}
 u - 2 potions of haste {unknown}
 z - a potion of resistance {unknown}
 C - a potion of brilliance {unknown}


   Skills:
 + Level 6.3 Fighting
 + Level 4.8 Axes
 + Level 6.3 Armour
 + Level 6.4 Shields


You had 7 spell levels left.
You didn't know any spells.
Your spell library contained the following spells:

 Spells                   Type           Power      Damage    Failure   Level
 Magic Dart               Conj           0%         1d3       96%         1
 Dazzling Flash           Conj/Hex       0%         N/A       100%        3
 Mephitic Cloud           Conj/Pois/Air  0%         N/A       100%        3
 Iskenderun's Mystic Bla  Conj/Tloc      0%         2d3       100%        4
 Starburst                Conj/Fire      0%         6d3       100%        6
 Call Imp                 Summ           Unusable   N/A       N/A         2

Dungeon Overview and Level Annotations

Branches:
Dungeon (6/15)             Temple (1/1) D:4

Altars:
Ashenzari
Cheibriados
Dithmenos
Elyvilon
Fedhas
Gozag
Kikubaaqudgha
Makhleb
Nemelex Xobeh
Okawaru
Qazlal
Ru
Sif Muna
Trog
Uskayaw
Vehumet
Yredelemnul
The Shining One

Shops:
D:1 !   D:2 (   D:3 (   D:5 *

Annotations:
D:5 Dowan, Duvessa


Innate Abilities, Weirdness & Mutations

You are immune to sickness and miasma.
Your stone body is resilient. (AC +5)
You are immune to poison.
You resist negative energy. (rN+)
You are resistant to electric shocks. (rElec)
You are resistant to unholy torment.
You are immune to petrification.


Message History

You closely miss the gnoll sergeant.
The gnoll sergeant is moderately wounded.
You feel like a meek peon again.
You block the gnoll sergeant's attack. x2
You slash the gnoll sergeant!
The gnoll sergeant is heavily wounded.
The gnoll sergeant hits you but does no damage.
You slash the gnoll sergeant!
The gnoll sergeant is almost dead.
The gnoll sergeant hits you with a +0 vorpal spear.
* * * LOW HITPOINT WARNING * * *
x2 The gnoll sergeant misses you.
You feel much better. The gnoll sergeant barely misses you.
You feel very mighty all of a sudden. The gnoll sergeant barely misses you.
Okay, then.
You fail to use your ability.
The gnoll sergeant hits you from afar with a +0 vorpal spear!
You enter the shallow water.
Moving in this stuff is going to be slow.
The gnoll sergeant hits you but does no damage.
The gnoll sergeant completely misses you.
Items here: ))) [ ††††.
You slash the gnoll sergeant!
You kill the gnoll sergeant!
Okawaru accepts your kill.
Your unstable footing causes you to fumble your attack.
The cyclops closely misses you.
You slice the cyclops!!
The cyclops is moderately wounded.
The wight closely misses you.
Your unstable footing causes you to fumble your attack.
The wight hits you but does no damage. The cyclops hits you!
The wight hits you from afar with a +0 halberd.
* * * LOW HITPOINT WARNING * * *
Your unstable footing causes you to fumble your attack.
The cyclops completely misses you. The wight hits you but does no damage.
Your unstable footing causes you to fumble your attack.
The wight closely misses you. The cyclops hits you!!
You die...

...##.#.# #.# #.#
#####.#.# #.# #.# ..#.#
#.# #.# ####.###.###.#
#.##.........#
####z##.###.#####
....D.z.z.z..#
####.######.g###########
#### #.zzzC@......#
##>## ####z#########.#
8...8 #......)..####.#
#.....##....#.####....#
8.....8#.####.#..#.####
##.....##..............#
#.##.#.......#.#
#.##.#.##....#.#
8.....8#......).....#.#


You could see a cyclops, 4 wights and a gnoll.

Vanquished Creatures
  2 sky beasts (D:6)
  2 ogres
  3 necrophages
  A scorpion (D:4)
  A gnoll sergeant (D:6)
  A wight (D:6)
  2 hounds
  A bullfrog zombie (D:5)
  An orc priest (D:4)
  A gnoll shaman (D:6)
  Jessica (D:3)
  An iguana (D:5)
  Ijyb (D:3)
  An orc wizard (D:4)
  9 gnolls
  5 adders
  An adder skeleton (D:4)
  A worm (D:2)
  5 dart slugs
  7 orcs
  5 ball pythons
  7 endoplasms
  5 goblins
  5 hobgoblins
  8 jackals
  5 quokkas
  2 bats
  5 frilled lizards
  6 kobolds
  6 rats
101 creatures vanquished.

Notes
Turn   | Place    | Note
-------+----------+-------------------------------------------
     0 | D:1      | a3don the Gargoyle Fighter began the quest for the Orb.
     0 | D:1      | Reached XP level 1. HP: 14/14 MP: 1/1
   161 | D:1      | Found Zugep's Distillery.
   229 | D:1      | Reached XP level 2. HP: 10/19 MP: 2/2
   638 | D:1      | Found a faded altar of an unknown god.
   785 | D:1      | You fall into a shaft and drop 1 floor!
   793 | D:2      | Reached XP level 3. HP: 19/23 MP: 3/3
  1002 | D:2      | Found Curiukk's Antique Weapon Emporium.
  1203 | D:2      | Reached XP level 4. HP: 29/29 MP: 4/4
  1365 | D:1      | Bought a potion of heal wounds for 55 gold pieces
  2248 | D:3      | Noticed Ijyb
  2256 | D:3      | Killed Ijyb
  2257 | D:3      | Reached XP level 5. HP: 32/33 MP: 5/5
  2410 | D:3      | Found Jocipyte's Weapon Shoppe.
  2456 | D:3      | Noticed Jessica
  2464 | D:3      | Killed Jessica
  2571 | D:3      | Found a shadowy altar of Dithmenos.
  2725 | D:3      | Identified the +0 pair of boots "Beic" {Int+4}
  3018 | D:4      | Reached XP level 6. HP: 39/39 MP: 6/6
  3108 | D:4      | Found a staircase to the Ecumenical Temple.
  3264 | Temple   | Entered the Ecumenical Temple
  3412 | Temple   | Became a worshipper of Warmaster Okawaru
  3639 | D:4      | Noticed a necrophage
  3649 | D:4      | Killed a necrophage
  3684 | D:4      | Reached skill level 5 in Shields
  4015 | D:5      | Entered Level 5 of the Dungeon
  4016 | D:5      | Noticed Dowan
  4059 | D:5      | Reached * piety under Okawaru
  4060 | D:5      | Reached skill level 5 in Fighting
  4060 | D:5      | Reached skill level 5 in Armour
  4060 | D:5      | Reached XP level 7. HP: 44/44 MP: 7/7
  4109 | D:5      | Noticed Duvessa
  4383 | D:5      | Found Huhips's Overcharged Wands.
  5503 | D:6      | Found a hide-covered altar of Uskayaw.
  5620 | D:6      | Noticed a steam dragon
  5621 | D:6      | Reached XP level 8. HP: 51/51 MP: 8/8
  5640 | D:6      | Noticed a cyclops
  5679 | D:6      | Reached ** piety under Okawaru
  5684 | D:6      | Mangled by a cyclops

Illustrated notes

Levels and vault maps discovered:
D:1:      eino_arrival_cavern_d, layout_loops_cross,
          dreamdust_ecumenical_altar_angels_and_demons, serial_shops,
          nicolae_lakefront_shop
D:2:      layout_loops_cross, serial_shops, nicolae_shop_hallway_plus,
          minmay_pentomino_p4
D:3:      layout_rooms, mainiacjoe_overflow_alcove_4, serial_shops,
          nicolae_shop_bloodbath_and_beyond, uniq_jessica, uniq_ijyb
D:4:      layout_loops_ring, temple_hall
D:5:      layout_cave_pools, regret_index_temple_of_mockery, nrook_mini_vaults,
          nicolae_shop_overcharged_wands, uniq_duvessa
D:6:      layout_basic, nicolae_overflow_hidden_temple, serial_shops,
          nicolae_shop_hallway_stairs
Temple:   nicolae_temple_elliptical

Skill      XL: |  1  2  3  4  5  6  7  8 |
---------------+-------------------------+-----
Axes           | 2 3 4 |  4.8
Shields        | 4 5 6 |  6.4
Fighting       | 4 5 6 |  6.3
Armour         | 4 5 6 |  6.3

Action                   |  1- 3 |  4- 6 |  7- 9 || total
-------------------------+-------+-------+-------++-------
Melee: War axe           |    87 |   159 |   130 ||   376
Invok: Heroism           |       |       |     6 ||     6
  Use: Potion            |       |       |     2 ||     2
Armor: Scale mail        |    30 |       |       ||    30
       Chain mail        |    28 |    93 |    80 ||   201
Dodge: Dodged            |    29 |    82 |    72 ||   183
Block: Buckler           |    18 |    32 |    38 ||    88
